 Dungeon Crawl Stone Soup version 0.29-a0-1006-g0dd7720b37 (webtiles) character file.

Game seed: 14160377741460543595

102 Heh the Trooper (level 4, -2/34 HPs)
             Began as an Octopode Fighter on Aug 7, 2022.
             Slain by a gnoll
             ... wielding a +0 spear
              (5 damage)
             ... on level 3 of the Dungeon.
             The game lasted 00:02:18 (1372 turns).

Heh the Trooper (Octopode Fighter)                  Turns: 1372, Time: 00:02:18

Health: -2/34      AC:  1    Str: 17    XL:     4   Next: 78%
Magic:  4/4        EV: 13    Int: 10    God:
Gold:   103        SH:  4    Dex: 11    Spells: 3/3 levels left

rFire   . . .      SeeInvis .   a - +0 flail
rCold   . . .      Faith    .   b - +0 buckler
rNeg    . . .      Spirit   .   (helmet restricted)
rPois   .          Reflect  .   (no amulet)
rElec   .          Harm     .   (no ring)
rCorr   .          Rampage  .   (no ring)
Will    .....                   (no ring)
Stlth   ++........              (no ring)
HPRegen 0.11/turn               (no ring)
MPRegen 0.09/turn               (no ring)
                                (no ring)
                                (no ring)

@: slowed, very slow
A: almost no armour, amphibious, 8 rings, camouflage 1, gelatinous body 1,
(nimble swimmer 1), tentacles
a: no special abilities


You were on level 3 of the Dungeon.
You visited 1 branch of the dungeon, and saw 3 of its levels.

You collected 103 gold pieces.

Inventory:

Hand Weapons
 a - a +0 flail (weapon)
Armour
 b - a +0 buckler (worn)
Scrolls
 d - a scroll of poison {unknown}
 i - a scroll of identify {unknown}
 j - a scroll of fog {unknown}
Potions
 c - a potion of might
 e - 2 potions of flight {unknown}
 f - 2 potions of degeneration {unknown}
 g - a potion of lignification {unknown}
 h - 2 potions of mutation {unknown}


   Skills:
 + Level 4.5 Fighting
 + Level 3.4 Maces & Flails
 - Level 3.0 Dodging
 - Level 3.0 Shields


You had 3 spell levels left.
You didn't know any spells.
Your spell library contained the following spells:

 Spells                   Type           Power      Damage    Failure   Level
 Summon Small Mammal      Summ           0%         N/A       45%         1
 Call Canine Familiar     Summ           0%         N/A       83%         3
 Inner Flame              Hex/Fire       0%         N/A       83%         3
 Portal Projectile        Hex/Tloc       0%         N/A       83%         3
 Summon Guardian Golem    Hex/Summ       0%         N/A       83%         3
 Tukima's Dance           Hex            0%         N/A       83%         3
 Cause Fear               Hex            0%         N/A       99%         4
 Blade Hands              Tmut           0%         N/A       100%        5
 Discord                  Hex            0%         N/A       100%        8


Dungeon Overview and Level Annotations

Branches:
Dungeon (3/15)

Altars:

Annotations:
D:3 Natasha


Innate Abilities, Weirdness & Mutations

You cannot wear most types of armour.
You are amphibious.
You can wear up to eight rings at the same time.
Your skin changes colour to match your surroundings (Stealth+).
Your rubbery body absorbs attacks. (AC +1, EV +1)
((You are camouflaged when in or above water. (Stealth+)))
You have tentacles for arms and can constrict up to eight enemies at once.


Message History

Natasha hisses angrily.
A kobold comes into view. It is wielding a +0 short sword.
A gnoll comes into view. It is wielding a +0 whip.
The gnoll misses you.
You barely miss the gnoll.
The kobold shouts!
The gnoll shouts! x2
You grab the gnoll. You squeeze the gnoll!
The gnoll is severely wounded.
You constrict the gnoll. The gnoll hits you with a +0 spear.
A kobold comes into view. It is wielding a +0 club.
The gnoll hits you with a +0 spear!
Okay, then.
You sock the gnoll!
You kill the gnoll!
A gnoll comes into view. It is wielding a +0 flail.
The gnoll drinks a potion.
The gnoll flickers and vanishes!
Deactivating autopickup; reactivate with Ctrl-A.
The gnoll throws a throwing net.
The throwing net completely misses you.
You see here an adder corpse.
Natasha drinks a potion.
Natasha's spells are empowered!
You see here a +0 dagger.
Natasha casts a spell.
Natasha mewls in sadness.
Natasha casts a spell at you. The magic dart hits you!
* * * LOW HITPOINT WARNING * * *
Natasha casts a spell at you.
You feel yourself slow down.
Okay, then.
Natasha casts a spell.
Something hits you.
* * * LOW HITPOINT WARNING * * *
Natasha casts a spell.
Natasha wildly gestures.
Natasha glows brightly for a moment.
You block something's attack.
The white imp summons a swarm of flies.
There is a stone staircase leading up here.
Something hits you.
You die...

... #.........
#o.?.......
#..........
##+#..........
#.............
######.............
#.@K.rhg5..........
#####K5............
#.#.#..).......
#.#.#.†........
#.#.#..........
#.#.#.......?..
#...#.....(†...
#####).........
#..........


You could see an iron imp (summoned), Natasha (empowered), a gnoll, a white imp
(summoned), 2 kobolds and a rat.

Vanquished Creatures
  2 gnolls
  3 adders
  2 worms (D:2)
  4 dart slugs (D:1)
  4 ball pythons
  3 endoplasms
  3 hobgoblins
  4 kobolds
  4 bats (D:2)
  6 frilled lizards
  7 goblins
  5 rats
47 creatures vanquished.

Notes
Turn   | Place    | Note
-------+----------+-------------------------------------------
     0 | D:1      | Heh the Octopode Fighter began the quest for the Orb.
     0 | D:1      | Reached XP level 1. HP: 16/16 MP: 1/1
   175 | D:1      | Reached XP level 2. HP: 18/21 MP: 2/2
   366 | D:1      | Reached XP level 3. HP: 18/27 MP: 3/3
   482 | D:1      | You fall into a shaft and drop 1 floor!
   502 | D:2      | Noticed a golden eye
   504 | D:2      | Found a faded altar of an unknown god.
   506 | D:2      | Noticed a floating eye
   506 | D:2      | Noticed a shining eye
   506 | D:2      | Noticed a floating eye
   613 | D:2      | Reached skill level 4 in Fighting
   820 | D:2      | Reached XP level 4. HP: 33/33 MP: 4/4
  1353 | D:3      | Noticed Natasha
  1372 | D:3      | Slain by a gnoll

Illustrated notes

Levels and vault maps discovered:
D:1:      minmay_arrival_jagged, layout_loops_ring, minmay_door_square
D:2:      minmay_wonky_spiral, layout_rooms,
          hellmonk_ecumenical_altar_watching_god
D:3:      mumra_celtic_spiral_tile, layout_basic, minitemple,
          gammafunk_temple_overflow_claw, uniq_terence, uniq_sigmund,
          uniq_natasha, uniq_ijyb

Skill      XL: |  1  2  3 |
---------------+----------+-----
Fighting       | 4 |  4.5
Maces & Flails | 3 |  3.4
Dodging        | |  3.0
Shields        | |  3.0

Action                   |  1- 3 |  4- 6 || total
-------------------------+-------+-------++-------
Melee: Flail             |    48 |    25 ||    73
       Constrict         |    15 |     7 ||    22
       Tentacles         |     9 |     7 ||    16
       Punch             |     2 |       ||     2
 Stab: Sleeping          |     6 |     3 ||     9
Armor: Skin              |     4 |       ||     4
Dodge: Dodged            |    23 |    13 ||    36
Block: Buckler           |    13 |     3 ||    16

Table legend: (Time is in decaauts)
 A = Elapsed time spent in this place.
 B = Non-inter-level travel time spent in this place.
 C = Inter-level travel time spent in this place.
 D = Time resting spent in this place.
 E = Time spent auto-exploring this place.
 F = Levels seen in this place.
 G = Mean time per level.
                   A        B        C        D        E       F      G
               +--------+--------+--------+--------+--------+-----+--------+
         Total |   1395 |   1331 |     64 |      0 |   1045 |   3 |  465.0 |
       Dungeon |   1395 |   1331 |     64 |      0 |   1045 |   3 |  465.0 |
               +--------+--------+--------+--------+--------+-----+--------+

Top non-repeatable levels by time:
     D:1: 948 daAuts
     D:2: 377 daAuts
     D:3: 69 daAuts
